 Dungeon Crawl Stone Soup version 0.26-a0-812-g31a745ddcd (webtiles) character file.

Game seed: 16470441933963795987

181 miscthings the Slicer (level 5, -3/32 HPs)
             Began as a Kobold Berserker on Nov 13, 2020.
             Was a Priest of Trog.
             Slain by an orc
             ... wielding a +0 trident
              (7 damage)
             ... on level 4 of the Dungeon.
             The game lasted 00:04:55 (3068 turns).

miscthings the Slicer (Kobold Berserker)            Turns: 3068, Time: 00:04:56

Health: -3/32      AC:  2    Str: 20    XL:     5   Next: 92%
Magic:  5/5        EV: 15    Int: 10    God:    Trog [***...]
Gold:   248        SH:  0    Dex: 14    Spells: 4/4 levels left

rFire    . . .     SeeInvis +   m - +0 dagger
rCold    . . .     Faith    .   (shield restricted)
rNeg     . . .     Spirit   .   f - +0 robe (curse)
rPois    .         Reflect  .   (no helmet)
rElec    .         Harm     .   (no cloak)
rCorr    .         Rampage  .   (no gloves)
MR       .....                  (no boots)
Stlth    ++........             (no amulet)
HPRegen  0.10/turn              d - +6 ring of strength
MPRegen  0.09/turn              t - ring of see invisible

@: no status effects
A: small, nightstalker 3
a: Berserk, Trog's Hand, Renounce Religion


You were on level 4 of the Dungeon.
You worshipped Trog.
Trog was most pleased with you.
You visited 1 branch of the dungeon, and saw 4 of its levels.

You collected 248 gold pieces.

Inventory:

Hand Weapons
 m - a +0 dagger (weapon)
Missiles
 n - a throwing net (quivered)
Armour
 b - a +0 animal skin
 f - a cursed +0 robe (worn)
Jewellery
 d - a +6 ring of strength (left hand)
 p - an uncursed ring of stealth
 t - a ring of see invisible (right hand)
Wands
 u - a wand of flame (22)
Scrolls
 a - 2 scrolls of remove curse {unknown}
 e - 2 scrolls of noise {unknown}
 g - 2 scrolls of identify {unknown}
 h - a scroll of amnesia {unknown}
 i - 3 scrolls of teleportation {unknown}
 o - 2 scrolls of fog {unknown}
Potions
 c - 2 potions of brilliance {unknown}
 j - 2 potions of mutation {unknown}
 k - a potion of cancellation {unknown}
 l - 2 potions of berserk rage {unknown}
 q - a potion of magic {unknown}
 r - a potion of invisibility {unknown}
 s - a potion of might {unknown}
 v - a potion of resistance {unknown}


   Skills:
 - Level 3.2 Fighting
 + Level 8.1 Short Blades
 - Level 1.5 Armour
 - Level 2.4 Dodging


You had 4 spell levels left.
You didn't know any spells.
Your spell library was empty.

Dungeon Overview and Level Annotations

Branches:
Dungeon (4/15)
 Temple: D:4-7

Altars:
Ru
Zin


Innate Abilities, Weirdness & Mutations

You are small and have problems with some larger weapons.
You are completely attuned to the shadows.


Message History

You kill the ooze!
Trog accepts your kill.
No target in view!
An orc comes into view. It is wielding a +0 flail.
The orc shouts!
You hear a shout!
The teleport trap disappears.
The orc disappears!
The orc moves out of view.
You hear a shout!
You hear a shout!
An orc comes into view. It is wielding a +0 trident.
An orc priest comes into view. It is wielding a +0 morningstar.
The orc priest calls down the wrath of Beogh upon you.
Beogh smites you! The orc barely misses you.
You hear a shout!
Found a stone staircase leading up.
The orc priest invokes the aid of Beogh against you.
Beogh smites you!
* * * LOW HITPOINT WARNING * * *
There is a stone staircase leading up here.
The orc hits you from afar with a +0 trident!
You die...

#.# #.# .# #.#
##.# #.###..#
#
####.##..##.#
..........#.#
....@oo..$..##
........o.....
#..######.....
..# #.#... ..
#.#... #.# <.


You could see an orc priest and 2 orcs.

Vanquished Creatures
  A bullfrog (D:3)
  Robin (D:3)
  An adder (D:2)
  An ooze (D:4)
  4 dart slugs
  3 leopard geckos
  A ball python (D:2)
  2 giant cockroaches (D:2)
  9 hobgoblins
  8 jackals
  5 bats
  4 frilled lizards
  18 goblins
  11 kobolds
  9 rats
78 creatures vanquished.

Notes
Turn   | Place    | Note
-------+----------+-------------------------------------------
     0 | D:1      | miscthings the Kobold Berserker began the quest for the
                  | Orb.
     0 | D:1      | Reached XP level 1. HP: 14/14 MP: 1/1
   234 | D:1      | Reached XP level 2. HP: 14/19 MP: 2/2
   577 | D:1      | Reached skill level 5 in Short Blades
  1335 | D:2      | Reached XP level 3. HP: 20/23 MP: 3/3
  1375 | D:2      | Found a glowing silver altar of Zin.
  1558 | D:2      | Reached ** piety under Trog
  1558 | D:2      | Reached skill level 6 in Short Blades
  1719 | D:2      | Reached XP level 4. HP: 28/28 MP: 4/4
  2159 | D:2      | Found a sacrificial altar of Ru.
  2261 | D:3      | Noticed Robin
  2293 | D:3      | Killed Robin
  2300 | D:3      | Reached skill level 7 in Short Blades
  2389 | D:3      | Reached XP level 5. HP: 27/32 MP: 5/5
  2405 | D:3      | Reached *** piety under Trog
  2470 | D:3      | Noticed a bullfrog
  2478 | D:3      | Killed a bullfrog
  2593 | D:3      | Reached skill level 8 in Short Blades
  3068 | D:4      | Slain by an orc

Illustrated notes

Levels and vault maps discovered:
D:1:      dpeg_chamrin_arrival_tetris, layout_basic, serial_bayou,
          serial_bayou_pond_b, serial_bayou_lagoon_a, serial_bayou_lake_a,
          serial_bayou_shore_b, dk_noncrumbling_4
D:2:      minmay_alternating_diamond, layout_basic, nicolae_ru_path_of_blood,
          old_standard_altar, chequers_decorated_corner, minmay_pentomino_q4
D:3:      layout_basic, uniq_robin
D:4:      layout_rooms, grunt_temple_overflow_opulence,
          gammafunk_temple_overflow_pools, serial_shops, shop, shop,
          kennysheep_slug_shrine

Skill      XL: |  1  2  3  4  5 |
---------------+----------------+-----
Short Blades   | 5 6 7 8 |  8.1
Fighting       | |  3.2
Armour         | |  1.5
Dodging        | |  2.4

Action                   |  1- 3 |  4- 6 || total
-------------------------+-------+-------++-------
Melee: Short sword       |    42 |       ||    42
       Dagger            |    49 |   138 ||   187
Invok: Berserk           |     2 |     3 ||     5
 Stab: Sleeping          |    11 |     7 ||    18
Armor: Animal skin       |     4 |       ||     4
       Robe              |     1 |     8 ||     9
Dodge: Dodged            |    45 |    68 ||   113

Table legend: (Time is in decaauts)
 A = Elapsed time spent in this place.
 B = Non-inter-level travel time spent in this place.
 C = Inter-level travel time spent in this place.
 D = Time resting spent in this place.
 E = Time spent auto-exploring this place.
 F = Levels seen in this place.
 G = Mean time per level.
                   A        B        C        D        E       F      G
               +--------+--------+--------+--------+--------+-----+--------+
         Total |   3088 |   2993 |     95 |    371 |   2134 |   4 |  772.0 |
       Dungeon |   3088 |   2993 |     95 |    371 |   2134 |   4 |  772.0 |
               +--------+--------+--------+--------+--------+-----+--------+

Top non-repeatable levels by time:
     D:1: 1317 daAuts
     D:2: 908 daAuts
     D:3: 841 daAuts
     D:4: 20 daAuts
